 Dungeon Crawl Stone Soup version 0.30-a0-920-g7493c07aab (webtiles) character file.

Game seed: 11278202748450962261

32 TittyCrusher the Trooper (level 3, -2/34 HPs)
             Began as a Tengu Gladiator on Mar 21, 2023.
             Slain by Terence
             ... wielding a +0 flail
              (13 damage)
             ... on level 2 of the Dungeon.
             The game lasted 00:02:34 (1012 turns).

TittyCrusher the Trooper (Tengu Gladiator)          Turns: 1012, Time: 00:02:34

Health: -2/34      AC:  3    Str: 14    XL:     3   Next: 27%
Magic:  4/4        EV: 13    Int:  8    God:
Gold:   57         SH:  0    Dex: 17    Spells: 2/2 levels left

rFire   . . .      SeeInvis .    a - +0 quarterstaff
rCold   . . .      Faith    .    (shield currently unavailable)
rNeg    . . .      Spirit   .    n - +0 leather armour
rPois   .          Reflect  .    c - +0 hat
rElec   .          Rampage  .    (no cloak)
rCorr   .                        (no gloves)
Will    .....                    (boots unavailable) Stlth
                                 (no amulet)
HPRegen 0.25/turn                (no ring)
MPRegen 0.09/turn                (no ring)

@: berserking, very quick
A: beak, talons 3
a: no special abilities


You were on level 2 of the Dungeon.
You visited 1 branch of the dungeon, and saw 2 of its levels.

You collected 57 gold pieces.

Inventory:

Hand Weapons
 a - a +0 quarterstaff (weapon)
 b - a +0 sling
Missiles
 d - 3 throwing nets (quivered)
 e - a javelin
 h - 13 stones
 o - 4 poisoned darts
Armour
 c - a +0 hat (worn)
 n - a +0 leather armour (worn)
Magical Staves
 f - a staff of cold
Scrolls
 i - a scroll of noise {unknown}
 k - a scroll of poison {unknown}
 l - a scroll of fog {unknown}
 m - a scroll of teleportation {unknown}
Potions
 j - a potion of mutation {unknown}


   Skills:
 + Level 3.6 Fighting
 - Level 3.2 Staves
 - Level 2.0 Throwing
 - Level 3.2 Dodging


You had 2 spell levels left.
You didn't know any spells.
Your spell library was empty.

Dungeon Overview and Level Annotations

Branches:
Dungeon (2/15)

Altars:

Shops:
D:1 [

Annotations:
D:2 Terence


Innate Abilities, Weirdness & Mutations

You have a beak for a mouth.
You have claws for feet.


Message History

Found a stone staircase leading down.
Found a scroll labelled GEOCICHE POSICK.
Found a scroll labelled FOJEDOYLLURGHA.
Found a ring mail.
Terence the Incautious comes into view.
He is wielding a +0 flail.
You see here 4 poisoned darts.
o - 4 poisoned darts You shoot a sling bullet.
The sling bullet hits Terence.
Terence is lightly wounded.
You shoot a sling bullet.
The sling bullet hits Terence but does no damage.
Terence is lightly wounded.
You shoot a sling bullet.
The sling bullet completely misses Terence.
a - a +0 quarterstaff (weapon)
You hit Terence but do no damage. You claw Terence, but do no damage.
Your peck misses Terence.
Terence is lightly wounded.
Terence hits you with a +0 flail.
You hit Terence but do no damage.
Terence is lightly wounded.
Terence closely misses you. Terence misses you.
You hit Terence but do no damage.
Terence is lightly wounded.
Terence hits you with a +0 flail.
You hit Terence.
Terence is lightly wounded.
Terence hits you with a +0 flail!
* * * LOW HITPOINT WARNING * * *
You are too injured to fight recklessly!
You are too injured to fight recklessly!
Okay, then.
Terence attacks as you move away! Terence misses you.
Terence attacks as you move away! Terence barely misses you.
Okay, then.
It was a potion of berserk rage.
A red film seems to cover your vision as you go berserk!
You feel yourself moving faster!
You feel mighty! Terence hits you with a +0 flail!
You die...

#.........#
#...?.....#
#....?...#
#........##
+........>#
#.........#
#####...#.#
#....#@#.#
#.####@#.# #
#...# ##..#
#..######
##......####
###.......###
######....###
##.#...#
#.).#.##


You could see Terence.

Vanquished Creatures
  A ball python (D:1)
  A bat (D:1)
  2 endoplasms (D:1)
  A giant cockroach (D:2)
  3 goblins
  7 hobgoblins
  3 jackals (D:1)
  7 kobolds
  2 rats (D:1)
27 creatures vanquished.

Vanquished Creatures (others)
  2 plants (D:1)
2 creatures vanquished.

Grand Total: 29 creatures vanquished

Notes
Turn   | Place    | Note
-------+----------+-------------------------------------------
     0 | D:1      | TittyCrusher the Tengu Gladiator began the quest for the
                  | Orb.
     0 | D:1      | Reached XP level 1. HP: 12/12 MP: 2/2
   139 | D:1      | Reached XP level 2. HP: 18/18 MP: 3/3
   323 | D:1      | Found Zain's Antique Armour Shop.
   354 | D:1      | Reached XP level 3. HP: 19/23 MP: 4/4
   999 | D:2      | Noticed Terence
  1012 | D:2      | Slain by Terence

Illustrated notes

Levels and vault maps discovered:
D:1:      eino_arrival_cavern_d, layout_loops_cross, serial_forest,
          infiniplex_forest_clump_large, infiniplex_forest_clump_small,
          infiniplex_forest_straight_2, infiniplex_forest_straight_2,
          infiniplex_forest_lined_4_way, infiniplex_forest_clump_C,
          serial_shops, nicolae_shop_crystal
D:2:      layout_basic, uniq_terence

Skill      XL: |  1  2 |
---------------+-------+-----
Fighting       | 3 |  3.6
Staves         | |  3.2
Throwing       | |  2.0
Dodging        | |  3.2

Action                     || total
---------------------------++-------
  Melee: Quarterstaff      ||    76
         Kick              ||    25
         Peck              ||    10
   Fire: Sling             ||     4
    Use: Potion            ||     1
   Stab: Sleeping          ||     1
 Armour: Leather armour    ||     8
  Dodge: Dodged            ||    39

Table legend: (Time is in decaauts)
 A = Elapsed time spent in this place.
 B = Non-inter-level travel time spent in this place.
 C = Inter-level travel time spent in this place.
 D = Time resting spent in this place.
 E = Time spent auto-exploring this place.
 F = Levels seen in this place.
 G = Mean time per level.
                   A        B        C        D        E       F      G
               +--------+--------+--------+--------+--------+-----+--------+
         Total |   1019 |    951 |     68 |      0 |    682 |   2 |  509.5 |
       Dungeon |   1019 |    951 |     68 |      0 |    682 |   2 |  509.5 |
               +--------+--------+--------+--------+--------+-----+--------+

Top non-repeatable levels by time:
     D:1: 895 daAuts
     D:2: 123 daAuts
